 Dungeon Crawl Stone Soup version 0.31-a0-523-g071a6c1ffa (webtiles) character file.

Game seed: 3401855971322408328

5079 MisterAzrael the Cleaver (level 10, 0/81 HPs)
             Began as a Hill Orc Fighter on Aug 11, 2023.
             Was a Priest of Hepliaklqana.
             Slain by a yak (8 damage)
             ... on level 9 of the Dungeon.
             The game lasted 00:11:19 (7635 turns).

MisterAzrael the Cleaver (Hill Orc Fighter)         Turns: 7635, Time: 00:11:19

Health: 0/81       AC:  9    Str: 24    XL:     10   Next: 56%
Magic:  0/19       EV:  8    Int:  8    God:    Hepliaklqana [***...]
Gold:   197        SH:  0    Dex: 10    Spells: 9/9 levels left

rFire   . . .        K - +2 battleaxe (venom)
rCold   . . .        (shield currently unavailable)
rNeg    . . .        r - +0 chain mail
rPois   .            (no helmet)
rElec   .            L - scarf {+Inv}
rCorr   .            (no gloves)
SInv    .            (no boots)
Will    .....        p - amulet of guardian spirit Stlth
                     y - ring of magical power
HPRegen 0.33/turn    (no ring)
MPRegen 0.16/turn

%: guardian spirit
@: no status effects
A: reduced essence
a: Renounce Religion, Evoke Invisibility, Recall Ancestor, Ancestor Identity,
Transference


You were on level 9 of the Dungeon.
You worshipped Hepliaklqana.
Hepliaklqana was most pleased with you.
You visited 1 branch of the dungeon, and saw 9 of its levels.

You collected 454 gold pieces.
You spent 257 gold pieces at shops.

Inventory:

Hand Weapons
 a - a +0 war axe
 F - a +0 dagger of chaos
 K - a +2 battleaxe of venom (weapon)
 N - a +3 great sword of freezing
 O - a +0 broad axe
Missiles
 m - 20 poisoned darts (quivered)
 I - 6 javelins
Armour
 b - a +0 scale mail
 r - a +0 chain mail (worn)
 L - a scarf of invisibility (worn)
Jewellery
 p - an amulet of guardian spirit (around neck)
 t - a +6 ring of intelligence
 u - an amulet of the acrobat
 y - a ring of magical power (left hand)
 M - a ring of fire
Wands
 d - a wand of polymorph (6)
 A - a wand of digging (8)
 D - a wand of mindburst (17)
 E - a wand of paralysis (18)
 H - a wand of flame (21)
Scrolls
 e - 3 scrolls of identify
 h - 2 scrolls of fog {unknown}
 k - 3 scrolls of vulnerability
 l - 3 scrolls of blinking {unknown}
 o - a scroll of fear {unknown}
 q - 2 scrolls of noise {unknown}
 s - 4 scrolls of enchant armour {unknown}
 v - 2 scrolls of teleportation {unknown}
 x - a scroll of enchant weapon {unknown}
 z - a scroll of immolation {unknown}
 B - 3 scrolls of poison {unknown}
 G - 2 scrolls of torment {unknown}
Potions
 c - 2 potions of might
 f - a potion of attraction {unknown}
 g - 2 potions of lignification {unknown}
 j - a potion of degeneration {unknown}
 n - 2 potions of haste {unknown}
 w - a potion of ambrosia {unknown}
 C - 2 potions of enlightenment {unknown}


   Skills:
 + Level 9.0 Fighting
 + Level 9.4 Axes
 * Level 8.7 Throwing
 - Level 3.7 Armour
 + Level 8.2 Shields


You had 9 spell levels left.
You didn't know any spells.
Your spell library contained the following spells:

 Spells                   Type           Power      Damage    Failure   Level
 Kiss of Death            Conj/Necr      0%         2d5       94%         1
 Ensorcelled Hibernation  Hex/Ice        0%         N/A       98%         2
 Sublimation of Blood     Necr           0%         N/A       98%         2
 Confusing Touch          Hex            0%         N/A       100%        3
 Stone Arrow              Conj/Erth      0%         3d7       100%        3
 Volatile Blastmotes      Fire/Tloc      0%         2d10      100%        3
 Anguish                  Hex/Necr       0%         N/A       100%        4
 Dispel Undead            Necr           0%         3d6       100%        4
 Fulminant Prism          Conj/Hex       0%         3d5       100%        4
 Iskenderun's Mystic Bla  Conj/Tloc      0%         2d3       100%        4
 Petrify                  Tmut/Erth      0%         N/A       100%        4
 Irradiate                Conj/Tmut      0%         3d11      100%        5
 Iskenderun's Battlesphe  Conj           0%         2d6       100%        5
 Conjure Ball Lightning   Conj/Air       0%         3x3d6     100%        6
 Leda's Unmaking          Conj/Erth      0%         9d1       100%        6
 Spellforged Servitor     Conj/Summ      0%         N/A       100%        7
 Chain Lightning          Conj/Air       0%         N/A       100%        9


Dungeon Overview and Level Annotations

Branches:
Dungeon (9/15)             Temple (0/1) D:6            Lair (0/5) D:9
    Orc: D:9-12

Altars:
Ashenzari
Cheibriados
Gozag
Hepliaklqana
Qazlal
Ru
Trog
Wu Jian
Xom
Yredelemnul

Shops:
D:1 [   D:2 (   D:4 ?   D:5 ::(   D:6 *

Annotations:
D:4 1 runed translucent door, Crazy Yiuf


Message History

You hit the yak but do no damage.
The yak is poisoned.
Cassius hits the yak with a +0 quarterstaff!
The yak gores you!
The yak gores Cassius!
An orc wizard comes into view. It is wielding a +0 dagger.
The yak gores you!
* * * LOW HITPOINT WARNING * * *
The yak gores the plant.
Cassius hits the yak with a +0 quarterstaff.
A nearby plant withers and dies.
The yak gores Cassius!
The yak barely misses Cassius.
Cassius casts a spell at the yak.
The puff of frost hits the yak!
You feel better. The yak barely misses you.
The yak gores Cassius!
Cassius is destroyed!
You feel better.
A nearby plant withers and dies.
The yak gores you but does no damage. The yak gores you!
* * * LOW HITPOINT WARNING * * *
You closely miss the yak. You slash the yak!
You kill the yak!
You slash the yak!
The yak looks as sick as possible!
The yak barely misses you. The yak gores you.
* * * LOW HITPOINT WARNING * * *
The yak misses you. The yak gores you.
* * * LOW HITPOINT WARNING * * *
The orc wizard casts a spell.
The orc wizard flickers and vanishes!
Deactivating autopickup; reactivate with Ctrl-A.
The yak misses you.
An orc comes into view. It is wielding a +0 dagger.
The orc shouts!
You hear a shout! x2
The yak barely misses you. The yak attacks as you move away! The yak gores you!
* * * LOW HITPOINT WARNING * * *
Okay, then.
As you read the scroll labelled ERUAQU WUIZA, it crumbles to dust.
It is a scroll of identify.
k - 3 scrolls of vulnerability The yak gores you!
You die...

..........%(†......<....
##...#....####.#........#
.........####†#........#
###.#......#..†.#.##+#####
....#...P..#†##†#.#
.###......♣......#.#
.......P...†..##.#.#
.#.....†.Y.....#.#..
...o.....Y@....#.###
.......†.Y.....♣.#
.....♣.♣....PP....
........>.P.......
.......PP..P......
......?..P..P..♣##
.......P.........
.....PP.......##


You could see 3 yaks and an orc.

Vanquished Creatures
  3 yaks (D:9)
  A wyvern (D:9)
  Edmund (D:5)
  2 water moccasins
  Duvessa (D:5)
  An orc warrior (D:7)
  An ice beast (D:8)
  3 sky beasts
  3 black bears
  A centaur (D:8)
  2 kobold brigands
  3 bullfrogs
  A wight (D:8)
  2 scorpions
  3 howler monkeys
  3 crimson imps (D:6)
  2 hounds
  3 jellies (D:3)
  An orc priest (D:8)
  A sleepcap (D:7)
  4 iguanas
  2 orc wizards
  4 gnolls
  2 adders
  A white imp (D:7)
  4 dart slugs
  19 orcs
  4 ball pythons
  5 bats
  11 endoplasms
  4 giant cockroaches
  6 goblins
  3 hobgoblins
  6 jackals
  20 kobolds
  7 quokkas
  7 frilled lizards
  7 rats
154 creatures vanquished.

Vanquished Creatures (collateral kills)
  A two-headed ogre (D:9)
  2 wyverns (D:9)
  A basilisk (D:9)
  2 water moccasins (D:9)
  A black bear (D:9)
  An ogre (D:6)
  A phantom (D:6)
  A bullfrog (D:8)
  A scorpion (D:9)
  2 wights (D:8)
  Dowan (D:5)
  2 howler monkeys
  A crimson imp (D:6)
  A hound (D:6)
  2 orc priests
  A gnoll bouda (D:7)
  An orc wizard (D:7)
  3 gnolls
  A white imp (D:7)
  7 orcs
  6 kobolds
39 creatures vanquished.

Vanquished Creatures (others)
  2 battlemagi (D:9)
2 creatures vanquished.

Grand Total: 195 creatures vanquished

Notes
Turn   | Place    | Note
-------+----------+-------------------------------------------
     0 | D:1      | MisterAzrael the Hill Orc Fighter began the quest for the
                  | Orb.
     0 | D:1      | Reached XP level 1. HP: 19/19 MP: 1/1
   156 | D:1      | Reached XP level 2. HP: 27/27 MP: 2/2
   398 | D:1      | Reached XP level 3. HP: 33/33 MP: 3/3
  1248 | D:2      | Found Poiv's Weapon Shop.
  1530 | D:3      | Reached skill level 1 in Throwing
  1530 | D:3      | Reached XP level 4. HP: 40/40 MP: 4/4
  1797 | D:3      | Reached XP level 5. HP: 38/47 MP: 5/5
  2298 | D:3      | Found a sacrificial altar of Ru.
  2440 | D:4      | Found a hazy altar of Hepliaklqana.
  2457 | D:4      | Became a worshipper of Hepliaklqana the Forgotten
  2506 | D:4      | Reached XP level 6. HP: 52/55 MP: 6/6
  2649 | D:4      | Reached skill level 5 in Fighting
  2695 | D:4      | Got the Almanac of Mezcal
  2719 | D:4      | Found Itrism's Magic Scroll Emporium.
  3328 | D:4      | Found a runed translucent door.
  3329 | D:4      | Noticed Crazy Yiuf
  3595 | D:5      | Entered Level 5 of the Dungeon
  3636 | D:5      | Noticed Edmund
  3655 | D:5      | Killed Edmund
  3656 | D:5      | Reached skill level 5 in Axes
  3656 | D:5      | Reached XP level 7. HP: 31/60 MP: 7/7
  3754 | D:5      | Found Ryukh's Book Shoppe.
  3781 | D:5      | Found Yneru's Book Emporium.
  3822 | D:5      | Found an ornate altar of the Wu Jian Council.
  3887 | D:5      | Reached * piety under Hepliaklqana
  3898 | D:5      | Identified the +1 helmet "Trusted Companion" {rElec rPois
                  | rN+ Int-4}
  3910 | D:5      | Found Pives's Weapon Shoppe.
  3922 | D:5      | Noticed Duvessa
  3923 | D:5      | Noticed Dowan
  3942 | D:6      | Reached skill level 5 in Shields
  4020 | D:6      | Reached XP level 8. HP: 28/63 MP: 8/8
  4164 | D:6      | Found a shimmering altar of Xom.
  4183 | D:6      | Found a staircase to the Ecumenical Temple.
  4270 | D:6      | Reached skill level 5 in Throwing
  4313 | D:6      | Found Tumuxu Tipos's Overcharged Wands.
  4547 | D:5      | Killed Dowan
  4549 | D:5      | Killed Duvessa
  4970 | D:7      | Reached ** piety under Hepliaklqana
  4971 | D:7      | Remembered your ancestor Cassius as a battlemage
  5121 | D:7      | Reached XP level 9. HP: 17/70 MP: 5/9
  5295 | D:7      | Found a snail-covered altar of Cheibriados.
  5299 | D:7      | Found an opulent altar of Gozag.
  5300 | D:7      | Found a basalt altar of Yredelemnul.
  5300 | D:7      | Found a bloodstained altar of Trog.
  5301 | D:7      | Found a stormy altar of Qazlal.
  5301 | D:7      | Found a broken altar of Ashenzari.
  5687 | D:2      | Bought a +2 battleaxe of venom for 257 gold pieces
  6831 | D:8      | Reached *** piety under Hepliaklqana
  7227 | D:9      | Noticed a two-headed ogre
  7235 | D:9      | Killed a two-headed ogre
  7236 | D:9      | Reached XP level 10. HP: 79/80 MP: 10/10
  7306 | D:9      | Noticed a two-headed ogre
  7575 | D:9      | Found a staircase to the Lair.
  7635 | D:9      | Slain by a yak

Illustrated notes

Levels and vault maps discovered:
D:1:      scummos_arrival_simple_fountains, layout_loops_corners, serial_shops,
          shop, minmay_fountain_box, chequers_serial_rivers_small_a, st_stairs_4
D:2:      layout_loops_ring, serial_shops, nicolae_shop_trees
D:3:      cheibrodos_fertilizer, layout_loops_cross, amcnicky_altar_gilded
D:4:      layout_loops_ring, nicolae_hepliaklqana_hazy_memory, serial_shops,
          shop, uniq_crazy_yiuf_cottage
D:5:      layout_rooms, mainiacjoe_overflow_paths, serial_shops,
          nicolae_square_shop, nicolae_shop_bloodbath_and_beyond, shop,
          roderic_roman_lattice, uniq_duvessa, uniq_edmund
D:6:      layout_rooms, led_xom_imps, minmay_temple_entry_ruins,
          nicolae_shop_overcharged_wands
D:7:      nicolae_BIG_FREAKIN_CUBE, layout_loops_cross,
          grunt_temple_overflow_open
D:8:      layout_cave_pods, chequers_jeans
D:9:      lemuel_ice_spiral_2, layout_basic, overflow_temple_1_default,
          minmay_lair_entry_grove, serial_shops, kennysheep_mini,
          dilly_guarded_unrand_morg

Skill      XL: |  1  2  3  4  5  6  7  8  9 10 |
---------------+-------------------------------+-----
Axes           | 3 4 5 7 8 9 |  9.4
Fighting       | 4 5 6 8 9 |  9.0
Throwing       | 1 2 3 4 6 7 8 |  8.7
Shields        | 4 5 6 7 8 |  8.2
Armour         | |  3.7

Action                     |  1- 3 |  4- 6 |  7- 9 | 10-12 || total
---------------------------+-------+-------+-------+-------++-------
  Melee: War axe           |    90 |   158 |   125 |       ||   373
         Battleaxe         |       |       |    48 |    26 ||    74
  Throw: Dart              |     2 |       |    16 |    11 ||    29
         Boomerang         |       |       |    20 |       ||    20
 Invoke: Recall Ancestor   |       |       |     1 |       ||     1
         Ancestor Identity |       |       |     1 |       ||     1
         Ancestor Life: Ba |       |       |     1 |       ||     1
  Evoke: Wand              |       |    13 |       |       ||    13
    Use: Potion            |       |     1 |     1 |     2 ||     4
         Scroll            |       |       |       |     1 ||     1
   Stab: Distracted        |       |       |       |     1 ||     1
 Armour: Scale mail        |    39 |       |       |       ||    39
         Chain mail        |    17 |    71 |    82 |    16 ||   186
  Dodge: Dodged            |    36 |    61 |    73 |    15 ||   185
  Block: Buckler           |    20 |    37 |    28 |       ||    85

Table legend: (Time is in decaauts)
 A = Elapsed time spent in this place.
 B = Non-inter-level travel time spent in this place.
 C = Inter-level travel time spent in this place.
 D = Time resting spent in this place.
 E = Time spent auto-exploring this place.
 F = Levels seen in this place.
 G = Mean time per level.
                   A        B        C        D        E       F      G
               +--------+--------+--------+--------+--------+-----+--------+
         Total |   7769 |   7042 |    727 |    923 |   4761 |   9 |  863.2 |
       Dungeon |   7769 |   7042 |    727 |    923 |   4761 |   9 |  863.2 |
               +--------+--------+--------+--------+--------+-----+--------+

Top non-repeatable levels by time:
     D:4: 1293 daAuts
     D:7: 1129 daAuts
     D:8: 1009 daAuts
     D:3: 1006 daAuts
     D:1: 906 daAuts
     D:6: 756 daAuts
     D:5: 749 daAuts
     D:2: 690 daAuts
     D:9: 228 daAuts
